 Dungeon Crawl Stone Soup version 0.21.1-1-g345015f (webtiles) character file.

143 Hebeh the Covered (level 5, -4/49 HPs)
             Began as a Deep Dwarf Fighter on June 16, 2018.
             Slain by an ogre
             ... wielding a +0 giant club
              (14 damage)
             ... on level 4 of the Dungeon.
             The game lasted 00:07:29 (2207 turns).

Hebeh the Covered (Deep Dwarf Fighter)              Turns: 2207, Time: 00:07:29

Health: -4/49      AC:  9    Str: 21    XL:     5   Next: 4%
Magic:  4/4        EV:  5    Int:  8    God:
Gold:   174        SH:  9    Dex: 12    Spells: 4/4 levels left

rFire    . . .     SeeInvis .   a - +0 war axe
rCold    . . .     Gourm    .   c - +0 shield
rNeg     . . .     Faith    .   i - +0 chain mail {rPois}
rPois    +         Spirit   .   (no helmet)
rElec    .         Reflect  .   (no cloak)
rCorr    .         Harm     .   (no gloves)
MR       .....                  (no boots)
Stlth    ..........             (no amulet)
HPRegen  0.00/turn              h - ring of poison resistance
MPRegen  0.09/turn              m - ring of loudness (curse)

@: non-regenerating
A: damage resistance, heal wounds, sense surroundings 1, no regeneration
a: Heal Wounds


You were on level 4 of the Dungeon.
You were hungry.

You visited 1 branch of the dungeon, and saw 4 of its levels.

You collected 174 gold pieces.

Inventory:

Hand Weapons
 a - a +0 war axe (weapon)
Armour
 c - a +0 shield (worn)
 i - a +0 chain mail of poison resistance (worn)
Jewellery
 h - a ring of poison resistance (left hand)
 j - an uncursed ring of resist corrosion
 m - a cursed ring of loudness (right hand)
 q - an uncursed amulet of regeneration {unknown}
 x - a cursed ring of teleportation {unknown}
Scrolls
 b - 5 scrolls of identify {unknown}
 k - 4 scrolls of remove curse {unknown}
 r - a scroll of immolation {unknown}
 s - a scroll of magic mapping {unknown}
 t - a scroll of fear {unknown}
 u - 3 scrolls of enchant weapon {unknown}
 w - 2 scrolls of noise {unknown}
Potions
 d - a potion of might
 e - 3 potions of heal wounds {unknown}
 l - 2 potions of magic {unknown}
 n - a potion of agility {unknown}
 o - 2 potions of curing {unknown}
 p - 2 potions of lignification {unknown}
 v - a potion of cancellation {unknown}
 z - a potion of brilliance {unknown}
Comestibles
 f - 5 rations
 g - a chunk of flesh


   Skills:
 + Level 3.5 Fighting
 + Level 3.4 Axes
 + Level 4.2 Armour
 + Level 4.2 Shields


You had 4 spell levels left.
You didn't know any spells.

Dungeon Overview and Level Annotations

Branches:
Dungeon (4/15)
 Temple: D:4-7

Altars:
Qazlal


Innate Abilities, Weirdness & Mutations

You are resistant to damage.
You can heal yourself by infusing magical energy.
You passively map a small area around you.
You do not regenerate.


Message History

The ogre is severely wounded.
You block the ogre's attack.
You hit the ogre.
The ogre is severely wounded.
The ogre closely misses you.
Your magical essence is drained by the effort!
You feel much better. You block the ogre's attack.
Your shield and chain mail prevent you from hitting the ogre.
The ogre is severely wounded.
You block the ogre's attack.
Your chain mail prevents you from hitting the ogre.
The ogre is severely wounded.
The ogre hits you with a giant club!
* * * LOW HITPOINT WARNING * * *
You hit the ogre.
The ogre is almost dead.
The ogre hits you with a giant club.
* * * LOW HITPOINT WARNING * * *
You fail to use your ability.
The ogre hits you with a giant club!
You die...

* .#.....###....#^.....
, ,
,#.....###....#...... *
#..............##### , ,
,#......#.......# .. ,
#......#.......# .
######.#.......#*
#.#.......# * ,
...#######.#.......#####
......O@.....###........
.............# ###.##...
,
##...........##....##...
#...........##.####....
, #...........#., #....
############# #.... * **
* * * , #.... , , , ,
#.... ,, * *


You could see an ogre.

Vanquished Creatures
  An orc wizard (D:3)
  3 adders
  2 oozes
  3 worms
  4 dart slugs (D:1)
  7 orcs (D:3)
  4 bats
  5 giant cockroaches
  10 goblins
  2 hobgoblins
  3 kobolds
  2 quokkas (D:3)
  A ball python (D:1)
  4 frilled lizards
  A leopard gecko skeleton (D:4)
  5 rats
57 creatures vanquished.

Notes
Turn   | Place    | Note
-------+----------+-------------------------------------------
     0 | D:1      | Hebeh the Deep Dwarf Fighter began the quest for the Orb.
     0 | D:1      | Reached XP level 1. HP: 20/20 MP: 1/1
   117 | D:1      | Reached XP level 2. HP: 18/27 MP: 2/2
   790 | D:1      | Reached XP level 3. HP: 18/34 MP: 3/3
  1079 | D:2      | Noticed an air elemental
  1081 | D:2      | Found a stormy altar of Qazlal.
  1083 | D:2      | Noticed an earth elemental
  1083 | D:2      | Noticed a fire elemental
  1083 | D:2      | Noticed a water elemental
  1431 | D:3      | Reached XP level 4. HP: 38/42 MP: 4/4
  1758 | D:3      | Reached XP level 5. HP: 21/49 MP: 5/5
  2194 | D:4      | Noticed an ogre
  2200 | D:4      | HP: 1/49 [ogre/giant club (11)]
  2207 | D:4      | Slain by an ogre

Skill      XL: |  1  2  3  4 |
---------------+-------------+-----
Fighting       | 3 |  3.5
Axes           | 3 |  3.4
Armour         | 4 |  4.2
Shields        | 4 |  4.2

Action                   |  1- 3 |  4- 6 || total
-------------------------+-------+-------++-------
Melee: War axe           |   111 |    83 ||   194
 Abil: Heal Wounds       |     2 |     2 ||     4
  Eat: Chunk             |     2 |     2 ||     4
Armor: Scale mail        |     6 |       ||     6
       Chain mail        |    43 |    51 ||    94
Dodge: Dodged            |    27 |    21 ||    48
Block: Shield            |    36 |    50 ||    86
